Map: Odyssey LE

Players

SpaceDucK

  • Race: Protoss Protoss
  • Spawn Location: 5:00

DnS - Winner!

  • Race: Protoss Protoss
  • Spawn Location: 11:00

Event: WCS Jonkoping 2017

VOD

Have the link to the VOD?

Description

Time

  • Played on: June 17, 2017, 7:13 a.m.
  • Length: 4:30

All games in this series

Show
View Real Time Build Order
Export as new Build Order

SpaceDucK Protoss 

Build Orders:  

Get SALT Encoding   

  12  0:01  Probe (Chrono Boost)  
  13  0:11  Probe (Chrono Boost)  
  14  0:18  Pylon  
  14  0:22  Probe (Chrono Boost)  
  15  0:37  Gateway  
  15  0:38  Probe (Chrono Boost)  
  16  0:49  Probe (Chrono Boost)  
  17  0:53  Assimilator  
  17  0:58  Assimilator  
  17  1:00  Probe (Chrono Boost)  
  18  1:05  Pylon  
  18  1:10  Probe (Chrono Boost)  
  19  1:21  Probe (Chrono Boost)  
  19  1:24  Cybernetics Core  
  20  1:30  Zealot  
  20  1:31  Probe (Chrono Boost)  
  23  1:42  Probe (Chrono Boost)  
  24  1:48  Gateway  
  24  2:00  Pylon  
  24  2:01  Warp Gate  
  24  2:03  Sentry  
  28  2:08  Mothership Core (Chrono Boost)  
  28  2:16  Pylon  
  28  2:26  Probe (Chrono Boost)  
  28  2:29  Stalker  
  31  2:35  Zealot  
  33  2:45  Probe (Chrono Boost)  
  34  2:52  Pylon  
  34  3:02  Zealot  
  36  3:06  Stalker  
  38  3:20  Probe (Chrono Boost)  
  38  3:24  Nexus  
  33  4:07  Gateway  
  33  4:13  Stalker x2  
Show
View Real Time Build Order
Export as new Build Order

DnS Protoss - Winner!

Build Orders:  

Get SALT Encoding   

  12  0:00  Probe (Chrono Boost)  
  13  0:11  Probe (Chrono Boost)  
  14  0:18  Pylon  
  14  0:22  Probe (Chrono Boost)  
  15  0:36  Probe (Chrono Boost)  
  15  0:38  Gateway  
  15  0:42  Assimilator  
  16  0:47  Probe (Chrono Boost)  
  17  0:53  Assimilator  
  17  0:58  Probe (Chrono Boost)  
  18  1:06  Gateway  
  18  1:08  Probe (Chrono Boost)  
  19  1:19  Probe (Chrono Boost)  
  19  1:25  Cybernetics Core  
  20  1:29  Probe (Chrono Boost)  
  21  1:34  Pylon  
  22  1:40  Probe (Chrono Boost)  
  22  1:50  Probe (Chrono Boost)  
  23  2:00  Stalker x2  
  27  2:01  Warp Gate (Chrono Boost)  
  27  2:04  Pylon  
  27  2:11  Mothership Core  
  29  2:30  Stalker x2  
  33  2:56  Nexus  
  33  3:02  Stalker  
  35  3:13  Stalker  
  37  3:24  Robotics Facility  
  37  3:26  Probe  
  38  3:34  Pylon  
  38  3:45  Probe  
  39  3:54  Stalker  
  39  3:55  Stalker  
  43  3:59  Probe (Chrono Boost)  
  44  4:08  Probe (Chrono Boost)  
  45  4:11  Probe (Chrono Boost)  
  47  4:19  Probe (Chrono Boost)  
Tags
 
Add a new tag
Caveats
  • Supply blocks, unpowered buildings, or Contaminate may cause inaccurate times.
  • Supply counts are checked every 10 seconds.